 Dungeon Crawl Stone Soup version 0.28-a0-1404-g4df0f3684d (webtiles) character file.

Game seed: 13070042333246184043

11 ryw the Shooter (level 2, 22/22 HPs)
             Began as a Demonspawn Hunter on Jan 6, 2022.
             Was a Follower of Cheibriados.
             Quit the game on level 1 of the Dungeon.
             The game lasted 00:00:52 (179 turns).

ryw the Shooter (Demonspawn Hunter)                  Turns: 179, Time: 00:00:53

Health: 22/22      AC:  3    Str: 14    XL:     2   Next: 17%
Magic:  2/2        EV: 12    Int: 14    God:    Cheibriados [*.....]
Gold:   14         SH:  4    Dex: 15    Spells: 1/1 levels left

rFire   . . .      SeeInvis .   b - +0 short sword
rCold   . . .      Faith    .   (no shield)
rNeg    . . .      Spirit   .   c - +0 leather armour
rPois   .          Reflect  .   (no helmet)
rElec   .          Harm     .   (no cloak)
rCorr   .          Rampage  .   (no gloves)
Will    .....                   (no boots)
Stlth   +.........              (no amulet)
HPRegen 0.07/turn               (no ring)
MPRegen 0.08/turn               (no ring)

@: very slow
A: large bone plates 1
a: Renounce Religion, Bend Time


You were on level 1 of the Dungeon.
You worshipped Cheibriados.
Cheibriados was aware of your devotion.
You visited 1 branch of the dungeon, and saw 1 of its levels.

You collected 14 gold pieces.

Inventory:

Hand Weapons
 a - a +1 shortbow
 b - a +0 short sword (weapon)
Missiles
 d - 39 arrows
Armour
 c - a +0 leather armour (worn)
Scrolls
 e - a scroll of teleportation {unknown}


   Skills:
 + Level 2.0 Fighting
 + Level 4.1 Bows
 + Level 1.8 Dodging
 - Level 0.8 Stealth


You had one spell level left.
You didn't know any spells.
Your spell library was empty.

Dungeon Overview and Level Annotations

Branches:
Dungeon (1/15)

Altars:
Cheibriados


Innate Abilities, Weirdness & Mutations

You are partially covered in large bone plates. (SH +4)


Message History

You barely miss the kobold.
The kobold is moderately wounded.
The kobold misses you.
You hit the kobold.
You kill the kobold!
Things that are here:
a +0 short sword; a kobold corpse; a ball python corpse HP restored.
You see here a hobgoblin corpse.
Found a faded altar of an unknown god.
A kobold comes into view. It is wielding a +0 dagger.
Found a dagger.
You enter the shallow water.
Moving in this stuff is going to be slow.
The kobold shouts!
You barely miss the kobold. You hit the kobold but do no damage.
The kobold splashes around in the water. x2
You hit the kobold.
You kill the kobold!
You hear a splash.
You enter the shallow water.
Moving in this stuff is going to be slow.
Things that are here:
a +0 dagger; a kobold corpse
There is a faded altar of an unknown god here.
You cannot tell which god this altar belongs to.
Convert to them anyway?
Okay, then.
You cannot tell which god this altar belongs to.
Convert to them anyway?
Uppercase [Y]es or [N]o only, please.
You cannot tell which god this altar belongs to.
Convert to them anyway?
Cheibriados accepts your prayer! Cheibriados welcomes you!
Cheibriados begins to support your attributes as your movement slows.
Cheibriados is now slowing the effects of poison on you.
You can now bend time to slow others.
Cheibriados raises the support of your attributes as your movement slows.
Unknown command.
Press < or > to pray at altars.
Are you sure you want to abandon this character and quit the game? (Confirm with "yes".)

............##..
...........##.#####.#...
#...)##......#.....#....
#.##.###.....≈.....≈....
...†.....#.#≈.≈...≈.≈#..
#####.###.#..≈.≈.≈.≈..#
# #.# #.#...≈.≈.≈...#
#.###.#...≈≈.≈≈...#
#.....#...≈≈@≈≈...#
#####.#..≈.≈≈≈.≈..#
##.#≈≈)≈.≈≈≈≈#.#
##.#.)≈.≈..#...
##.#.≈.≈.#....
##.##.##...#.
##.......## ##....##
####


There were no monsters in sight!

Vanquished Creatures
  An endoplasm (D:1)
  A goblin (D:1)
  A hobgoblin (D:1)
  4 kobolds (D:1)
  3 ball pythons (D:1)
  A frilled lizard (D:1)
  A rat (D:1)
12 creatures vanquished.

Notes
Turn   | Place    | Note
-------+----------+-------------------------------------------
     0 | D:1      | ryw the Demonspawn Hunter began the quest for the Orb.
     0 | D:1      | Reached XP level 1. HP: 16/16 MP: 1/1
    92 | D:1      | Reached skill level 4 in Bows
    93 | D:1      | Gained mutation: You are partially covered in large bone
                  | plates. (SH +4) [demonic ancestry]
    93 | D:1      | Reached XP level 2. HP: 18/22 MP: 2/2
   166 | D:1      | Found a faded altar of an unknown god.
   178 | D:1      | Prayed at the altar of an unknown god.
   178 | D:1      | Became a worshipper of Cheibriados the Contemplative
   178 | D:1      | Reached * piety under Cheibriados
   179 | D:1      | Quit the game

Illustrated notes

Levels and vault maps discovered:
D:1:      tarquinn_simple_flora_water_a, layout_rooms,
          shapermc_ecumenical_altar_starsandcircs, minmay_lizard_king

Skill      XL: |  1 |
---------------+----+-----
Bows           | 4 |  4.1
Fighting       | |  2.0
Dodging        | |  1.8
Stealth        | |  0.8

Action                   || total
-------------------------++-------
Melee: Short sword       ||    20
 Fire: Shortbow          ||    10
Armor: Leather armour    ||     5
Dodge: Dodged            ||    18

Table legend: (Time is in decaauts)
 A = Elapsed time spent in this place.
 B = Non-inter-level travel time spent in this place.
 C = Inter-level travel time spent in this place.
 D = Time resting spent in this place.
 E = Time spent auto-exploring this place.
 F = Levels seen in this place.
 G = Mean time per level.
                   A        B        C        D        E       F      G
               +--------+--------+--------+--------+--------+-----+--------+
         Total |    183 |    183 |      0 |      0 |    102 |   1 |  183.0 |
       Dungeon |    183 |    183 |      0 |      0 |    102 |   1 |  183.0 |
               +--------+--------+--------+--------+--------+-----+--------+

Top non-repeatable levels by time:
     D:1: 183 daAuts
